 Dungeon Crawl Stone Soup version 0.12.2-18-gb8c16a5 (webtiles) character file.

184 Rycklaryybbe the Skirmisher (level 3, -6/28 HPs)
             Began as a Demonspawn Chaos Knight on Aug 17, 2013.
             Was a Plaything of Xom.
             Mangled by a hill giant skeleton (20 damage)
             ... on Level 3 of the Dungeon.
             The game lasted 00:06:53 (2263 turns).

Rycklaryybbe the Skirmisher (DsCK)                  Turns: 2263, Time: 00:06:53

HP  -6/28        AC  5     Str 14      XL: 3   Next: 73%
MP   0/3         EV 10     Int 13      God: Xom
Gold 127         SH  0     Dex 11      Spells:  0 memorised,  2 levels left

Res.Fire  : . . .   See Invis. : .   a - +2 short sword
Res.Cold  : + . .   Warding    : .   b - +2 leather armour (curse)
Life Prot.: . . .   Conserve   : .   (no shield)
Res.Poison: .       Res.Corr.  : .   (helmet restricted)
Res.Elec. : +       Clarity    : .   (no cloak)
Sust.Abil.: . .     Spirit.Shd : +   (no gloves)
Res.Mut.  : .       Stasis     : .   (no boots)
Res.Rott. : .       Ctrl.Telep.: .   r - cursed amulet of guardian spirit
Saprovore : . . .   Flight     : .   (no ring)
                                     s - cursed ring of hunger

@: mildly poisoned, not resistant to hostile enchantments, very unstealthy
A: antennae 1, hooves 1, cold resistance 1, electricity resistance, wild magic
1, Str +1, Dex -1
a: Renounce Religion


You were on level 3 of the Dungeon.
You worshipped Xom.
You were a plaything of Xom.
You were not hungry.

You visited 1 branch of the dungeon, and saw 3 of its levels.

You collected 107 gold pieces.

Inventory:

Hand weapons
 a - a +2,+2 short sword (weapon)
Missiles
 e - a throwing net (quivered)
 i - 6 needles of confusion
 q - 6 poisoned needles
Armour
 b - a cursed +2 leather armour (worn)
 m - a +0 plate armour
Magical devices
 p - a wand of enslavement (6)
Comestibles
 c - 5 bread rations
 f - an apple
 k - a rotting chunk of giant cockroach flesh
Scrolls
 d - a scroll of fear {unknown}
 g - a scroll of magic mapping
 l - 2 scrolls of curse jewellery
 n - a scroll of identify
 u - a scroll of curse weapon {unknown}
Jewellery
 r - a cursed amulet of guardian spirit (around neck)
 s - a cursed ring of hunger (left hand)
Potions
 h - a potion of mutation {unknown}
 j - a potion of speed
 o - a potion of heal wounds {unknown}
 t - a potion of restore abilities {unknown}


   Skills:
 - Level 3.0 Fighting
 - Level 2.6 Short Blades
 - Level 1.7 Armour
 - Level 0.8 Dodging
 + Level 2.7 Unarmed Combat
 + Level 1.4 Evocations


You had 2 spell levels left.
You didn't know any spells.

Dungeon Overview and Level Annotations

Branches:
Dungeon (3/27)

Altars:
Cheibriados
Elyvilon
the Shining One

Annotations
D:3 Grinder


Innate Abilities, Weirdness & Mutations

You have a pair of small antennae on your head.
You have large cloven feet.
Your flesh is cold resistant.
You are resistant to electric shocks.
Your muscles are strong, but stiff (Str +1, Dex -1).
Your spells are a little harder to cast, but a little more powerful.


Message History

You struggle against the net.
The adder barely misses you. The adder bites you but does no damage.
You slice into the net. The adder barely misses you.
You slice the net and break free! The adder closely misses you.
A hobgoblin comes into view.
It is wielding a club. "Let's go for a ride!"
Your surroundings suddenly seem different.
Your surroundings suddenly seem different.
Your surroundings suddenly seem different.
Your surroundings suddenly seem different.
Your surroundings seem slightly different.
Your surroundings suddenly seem different.
Your surroundings suddenly seem different.
Your surroundings suddenly seem different.
Found a scroll labeled MOUSUWK SHRIO.
A hill giant skeleton comes into view.
The hill giant skeleton hits you!
Ouch! That really hurt!
You die...
Xom is highly amused!

#.....# ... #.#.###
..... ##.#.# #####
.#.#.############.#
...........b......
...h##########....
#.# . #.#
######@####
#......Z..#
#.........#
#...?.....#
#............
#.........###
#.........#
#.........#
#.........


You could see a hill giant skeleton.

Vanquished Creatures
  2 worms (D:2)
  A ball python (D:2)
  9 goblins
  7 hobgoblins
  4 jackals (D:3)
  A quokka (D:2)
  2 bats (D:1)
  4 giant cockroaches
  2 giant newts
  5 kobolds
  3 rats
40 creatures vanquished.

Vanquished Creatures (collateral kills)
  2 rats (D:3)
2 creatures vanquished.

Grand Total: 42 creatures vanquished

Notes
Turn   | Place    | Note
--------------------------------------------------------------
     0 | D:1      | Rycklaryybbe, the Demonspawn Chaos Knight, began the quest for the Orb.
     0 | D:1      | Reached XP level 1. HP: 16/16 MP: 1/1
    45 | D:1      | XOM: divination: detect items
    67 | D:1      | Reached skill level 1 in Unarmed Combat
    74 | D:1      | XOM: miscast effect
   255 | D:1      | XOM: miscast effect
   344 | D:1      | Reached XP level 2. HP: 17/22 MP: 2/2
   356 | D:1      | XOM: give mutations
   356 | D:1      | Gained mutation: Your magical capacity is low (-10% MP). [Xom's mischief]
   356 | D:1      | Lost mutation: Your magical capacity is low (-10% MP). [Xom's mischief]
   356 | D:1      | Gained mutation: Your spells are a little harder to cast, but a little more powerful. [Xom's mischief]
   356 | D:1      | Gained mutation: You have large cloven feet. [Xom's mischief]
   524 | D:1      | XOM: miscast effect
   533 | D:1      | XOM: god gift: pear
   898 | D:1      | XOM: give mutations
   898 | D:1      | Gained mutation: You are resistant to electric shocks. [Xom's grace]
   898 | D:1      | Gained mutation: Your flesh is cold resistant. [Xom's grace]
   898 | D:1      | Gained mutation: Your muscles are strong, but stiff (Str +1, Dex -1). [Xom's grace]
   898 | D:1      | Gained mutation: You have a pair of small antennae on your head. [Xom's grace]
  1053 | D:1      | XOM: god gift: 12 gold pieces
  1089 | D:1      | XOM: miscast effect
  1112 | D:1      | XOM: miscast effect
  1128 | D:1      | XOM: miscast effect
  1202 | D:2      | Found a white marble altar of Elyvilon.
  1238 | D:2      | Reached XP level 3. HP: 12/28 MP: 3/3
  1503 | D:2      | Found a snail-covered altar of Cheibriados.
  1948 | D:3      | XOM: god gift: 6 needles of confusion
  1967 | D:3      | Reached skill level 1 in Evocations
  2052 | D:3      | Found a glowing golden altar of the Shining One.
  2072 | D:3      | Noticed Grinder
  2073 | D:3      | Paralysed by Grinder for 5 turns
  2080 | D:3      | XOM: summons friendly quasit
  2087 | D:3      | Paralysed by Grinder for 6 turns
  2092 | D:3      | HP: 1/28 [Grinder (2)]
  2261 | D:3      | XOM: 8-stop teleportation journey
  2262 | D:3      | Noticed a hill giant skeleton
  2263 | D:3      | Mangled by a hill giant skeleton

Action                   || total
-------------------------++-------
Melee: Short sword       ||   119
Evoke: Wand              ||     3
  Use: Scroll            ||     7
       Potion            ||     3
 Stab: Betrayed ally     ||     1
